 Dungeon Crawl Stone Soup version 0.31-a0-716-gc7603755dd (webtiles) character file.

Game seed: 14720208632566339428

628 cforsyth the Trooper (level 7, -3/56 HPs)
             Began as a Djinni Chaos Knight on Sept 11, 2023.
             Was a Plaything of Xom.
             Slain by Duvessa
             ... wielding a +5 short sword of speed
              (7 damage)
             ... on level 4 of the Dungeon.
             The game lasted 00:07:00 (4429 turns).

cforsyth the Trooper (Djinni Chaos Knight)          Turns: 4429, Time: 00:07:00

Health: -3/56      AC:  8    Str: 14    XL:     7   Next: 77%
Gold:   178        EV: 11    Int: 15    God:    Xom [...*..] SH:  0 Dex: 18

rFire   + + .        t - +3 mace of Issuhez {elec, Str+3}
rCold   . . .        (no shield)
rNeg    + . .        c - +2 ring mail {rC+}
rPois   ∞            (no helmet)
rElec   .            (no cloak)
rCorr   .            s - +0 pair of gloves
SInv    .            (boots unavailable)
Will    .....        (no amulet)
Stlth   +            v - ring "Eleit" {Wiz Dex+5}
HPRegen 0.29/turn    n - ring of positive energy
MPRegen 0.00/turn

%: wizardry (x1), infuse magic (-4 HP)
@: flying
A: sickness immunity, fire resistance 2, cold vulnerability 1, float, innate
caster, HP casting, extra vitality 1
a: Renounce Religion


You were on level 4 of the Dungeon.
You worshipped Xom.
You were a favourite toy of Xom.
You visited 1 branch of the dungeon, and saw 4 of its levels.

You collected 178 gold pieces.

Inventory:

Hand Weapons
 a - a +0 falchion of chaos
 r - a +2 vampiric falchion
 t - the +3 mace of Issuhez (weapon) {elec, Str+3}
   (You found it on level 4 of the Dungeon)

   Str+3:     It affects your strength (+3).
Armour
 b - a +2 leather armour
 c - a +2 ring mail of cold resistance (worn)
 s - a +0 pair of gloves (worn)
Jewellery
 h - a ring of protection from fire
 n - a ring of positive energy (right hand)
 v - the ring "Eleit" (left hand) {Wiz Dex+5}
   (You found it on level 4 of the Dungeon)

   [ring of wizardry]

   Wiz:       It improves your spell success rate.
   Dex+5:     It affects your dexterity (+5).
Wands
 p - a wand of quicksilver (9)
Scrolls
 d - 2 scrolls of enchant armour {unknown}
 e - a scroll of fear {unknown}
 f - 2 scrolls of poison {unknown}
 g - 2 scrolls of brand weapon {unknown}
 k - 3 scrolls of amnesia {unknown}
 l - a scroll of silence {unknown}
 m - a scroll of teleportation {unknown}
 o - a scroll of immolation {unknown}
 w - a scroll of vulnerability {unknown}
Potions
 i - a potion of might {unknown}
 j - a potion of haste {unknown}
 q - a potion of magic {unknown}
 u - a potion of lignification {unknown}
 x - a potion of heal wounds {unknown}


   Skills:
 + Level 6.3 Fighting
 - Level 2.6 Long Blades
 - Level 1.0 Armour
 - Level 2.1 Dodging
 + Level 3.9 Spellcasting
 + Level 3.9 Conjurations
 + Level 3.9 Hexes
   Level 0.0 Charms
 + Level 3.9 Summonings
 + Level 3.9 Necromancy
 + Level 3.9 Translocations
 + Level 3.9 Transmutations
 + Level 3.9 Fire Magic
 + Level 3.9 Ice Magic
 + Level 3.9 Air Magic
 + Level 3.9 Earth Magic
 + Level 3.9 Poison Magic


You knew the following spells:

 Your Spells              Type           Power      Damage    Failure   Level
a - Slow                  Hex            56%        N/A       3%          1
b - Ensorcelled Hibernat  Hex/Ice        28%        N/A       4%          2
c - Jinxbite              Hex            28%        N/A       4%          2
Your spell library was empty.

Dungeon Overview and Level Annotations

Branches:
Dungeon (4/15)
 Temple: D:4-7

Altars:
Okawaru
Ru
Xom
Yredelemnul

Shops:
D:4 (

Annotations:
D:2 1 runed translucent door, Crazy Yiuf
D:4 Duvessa


Innate Abilities, Weirdness & Mutations

You are immune to sickness and miasma.
You are immune to poison.
Your flesh is very heat resistant. (rF++)
You are vulnerable to cold. (rC-)
You float through the air rather than walking.
You learn spells naturally, not from books.
Your magical power is your life essence.
You have superior vitality. (+4 MHP)


Message History

Duvessa is heavily wounded.
Duvessa hits you with a +5 short sword of speed!
Duvessa misses you.
Dowan says, "My weaknesses are her strengths!"
Duvessa hits you but does no damage.
You completely miss Duvessa.
Duvessa is heavily wounded.
Dowan whispers, "It won't be long now."
Duvessa hits you with a +5 short sword of speed! x2
You hit Duvessa.
Duvessa is severely wounded.
Duvessa hits you with a +5 short sword of speed. x2
Aiming: Quicksilver Bolt
Press: ? - help, Shift-Dir - straight line, f - Dowan
Aim: Dowan, wielding a +0 dagger and wearing a +2 robe of fire resistance (60% to hit)
The bolt of dispelling energy misses Duvessa.
The bolt of dispelling energy hits Dowan!
Dowan is severely wounded.
Duvessa hits you with a +5 short sword of speed!
* * * LOW HITPOINT WARNING * * *
Dowan mumbles some strange words.
Dowan blinks!
Aiming: Quicksilver Bolt
Press: ? - help, Shift-Dir - straight line, f/p - Dowan
Aim: Dowan, wielding a +0 dagger and wearing a +2 robe of fire resistance (severely wounded, 60% to hit)
The bolt of dispelling energy hits Duvessa!
Duvessa is almost dead.
The bolt of dispelling energy hits Dowan!
You kill Dowan!
Duvessa screams in rage.
Duvessa goes berserk!
Duvessa closely misses you.
Duvessa hits you with a +5 short sword of speed!
* * * LOW HITPOINT WARNING * * *
Duvessa is nearby!
Aiming: Quicksilver Bolt
Press: ? - help, Shift-Dir - straight line, f - Duvessa
Aim: Duvessa, wielding a +5 short sword of speed and wearing a +0 scale mail (almost dead, berserk, 79% to hit)
The bolt of dispelling energy misses Duvessa.
Duvessa hits you with a +5 short sword of speed!
You die...

>..######.#.##........#.########.
.##.........###########.# #####.
.##.#####.#############.####.....
...........)..................._.
....##....#############.####.....
....##....#############.# #####.
....#####...............# #.
....# ########################.
....# #..@e.)........_..<. ....#
#.###....####...#### ....#
######.###§...# #....... ....#
#.............# #....### .####
#.............# #....# .#
#.............# #....### .#
######.###....# #....... l# #.#
#....####....###
.#############.###....##.........


You could see Duvessa (berserk).

Vanquished Creatures
  Menkaure (D:4)
  Dowan (D:4)
  A jelly (D:4)
  3 orc priests (D:4)
  An iguana (D:4)
  Terence (D:1)
  2 orc wizards (D:3)
  Ijyb (D:3)
  3 gnolls (D:3)
  4 adders
  3 worms
  2 dart slugs (D:1)
  15 orcs
  9 endoplasms
  A giant cockroach (D:1)
  11 goblins
  6 hobgoblins
  10 jackals
  3 quokkas (D:1)
  8 ball pythons
  5 bats
  4 frilled lizards
  7 kobolds
  3 rats
105 creatures vanquished.

Vanquished Creatures (collateral kills)
  An adder (D:1)
  A gnoll (D:3)
  An orc (D:4)
  A bat (D:1)
  2 giant cockroaches (D:1)
6 creatures vanquished.

Vanquished Creatures (others)
  A ball python zombie (D:3)
1 creature vanquished.

Grand Total: 112 creatures vanquished

Notes
Turn   | Place    | Note
-------+----------+-------------------------------------------
     0 | D:1      | cforsyth the Djinni Chaos Knight began the quest for the
                  | Orb.
     0 | D:1      | Reached XP level 1. HP: 20/20 MP: 0/0
   144 | D:1      | Reached XP level 2. HP: 25/25 MP: 0/0
   196 | D:1      | Found a faded altar of an unknown god.
   205 | D:1      | Reached skill level 1 in Spellcasting
   205 | D:1      | Reached skill level 1 in Conjurations
   205 | D:1      | Reached skill level 1 in Hexes
   205 | D:1      | Reached skill level 1 in Summonings
   205 | D:1      | Reached skill level 1 in Necromancy
   205 | D:1      | Reached skill level 1 in Translocations
   205 | D:1      | Reached skill level 1 in Transmutations
   205 | D:1      | Reached skill level 1 in Fire Magic
   205 | D:1      | Reached skill level 1 in Ice Magic
   205 | D:1      | Reached skill level 1 in Air Magic
   205 | D:1      | Reached skill level 1 in Earth Magic
   205 | D:1      | Reached skill level 1 in Poison Magic
   364 | D:1      | Reached XP level 3. HP: 30/30 MP: 0/0
   364 | D:1      | Learned a level 1 spell: Slow
   644 | D:2      | XOM: noise
   644 | D:2      | Noticed Terence
   867 | D:2      | Reached XP level 4. HP: 27/37 MP: 0/0
   979 | D:2      | XOM: smoke on damage
  1051 | D:2      | XOM: noise
  1307 | D:2      | Reached skill level 4 in Fighting
  1360 | D:2      | XOM: enchant monster (good)
  1505 | D:2      | XOM: potion effect (brilliance)
  1506 | D:1      | XOM: cast spell 'Summon Ice Beast'
  1539 | D:1      | Killed Terence
  1540 | D:1      | Reached XP level 5. HP: 38/42 MP: 0/0
  1540 | D:1      | Learned a level 2 spell: Ensorcelled Hibernation
  1621 | D:2      | Found a runed translucent door.
  1622 | D:2      | Noticed Crazy Yiuf
  1678 | D:2      | XOM: silly message
  1932 | D:3      | Found an iron altar of Okawaru.
  2105 | D:3      | XOM: 4-stop teleportation journey
  2195 | D:3      | XOM: polymorph rat -> gnoll
  2309 | D:3      | Found a sacrificial altar of Ru.
  2388 | D:3      | XOM: 2-stop teleportation journey
  2475 | D:3      | Reached XP level 6. HP: 46/49 MP: 0/0
  2490 | D:3      | Reached skill level 5 in Fighting
  2880 | D:3      | Noticed Ijyb
  2882 | D:3      | XOM: silly message
  3024 | D:3      | XOM: butterfly on damage
  3112 | D:2      | XOM: silly message
  3125 | D:3      | Killed Ijyb
  3302 | D:3      | Identified the +4 sling "Hyts" {heavy, rF+}
  3435 | D:4      | XOM: scenery: create altars
  3499 | D:4      | Noticed Dowan
  3500 | D:4      | Noticed Duvessa
  3503 | D:4      | XOM: enchant monster (good)
  3508 | D:4      | XOM: scenery: create altars
  3512 | D:4      | XOM: scenery: create altars
  3697 | D:3      | XOM: noise
  3911 | D:4      | Found a basalt altar of Yredelemnul.
  3917 | D:4      | Identified the +3 mace of Issuhez {elec, Str+3}
  3958 | D:4      | XOM: enchant monster (good)
  3996 | D:4      | Reached XP level 7. HP: 35/54 MP: 0/0
  3996 | D:4      | Learned a level 2 spell: Jinxbite
  4259 | D:4      | Identified the ring "Eleit" {Wiz Dex+5}
  4318 | D:4      | Found Futoirou's Weapon Boutique.
  4352 | D:4      | Noticed Menkaure
  4358 | D:4      | Killed Menkaure
  4359 | D:4      | Reached skill level 6 in Fighting
  4428 | D:4      | Killed Dowan
  4429 | D:4      | Slain by Duvessa

Illustrated notes

Levels and vault maps discovered:
D:1:      dpeg_arrival_tiny_f, layout_basic, hellmonk_ecumenical_altar_lost_god
D:2:      layout_basic, minivault_4, minmay_cupped, uniq_terence,
          uniq_crazy_yiuf_cottage
D:3:      kennysheep_goblin_castle, layout_basic, mainiacjoe_overflow_brackets,
          okawaru_gym_becter, st_stairs_6
D:4:      layout_basic, lemuel_doored_altar, serial_shops, shop, uniq_menkaure,
          uniq_duvessa

Skill      XL: |  1  2  3  4  5  6  7 |
---------------+----------------------+-----
Spellcasting   | 1 2 3 |  3.9
Conjurations   | 1 2 3 |  3.9
Hexes          | 1 2 3 |  3.9
Summonings     | 1 2 3 |  3.9
Necromancy     | 1 2 3 |  3.9
Translocations | 1 2 3 |  3.9
Transmutations | 1 2 3 |  3.9
Fire Magic     | 1 2 3 |  3.9
Ice Magic      | 1 2 3 |  3.9
Air Magic      | 1 2 3 |  3.9
Earth Magic    | 1 2 3 |  3.9
Poison Magic   | 1 2 3 |  3.9
Fighting       | 4 5 6 |  6.3
Long Blades    | |  2.6
Armour         | |  1.0
Dodging        | |  2.1

Action                     |  1- 3 |  4- 6 |  7- 9 || total
---------------------------+-------+-------+-------++-------
  Melee: Falchion          |    87 |   212 |       ||   299
         Punch             |     1 |     4 |       ||     5
         Mace              |       |     4 |    45 ||    49
  Evoke: Wand              |       |     4 |     3 ||     7
    Use: Scroll            |       |     1 |       ||     1
   Stab: Paralysed         |     2 |       |       ||     2
         Sleeping          |       |     2 |       ||     2
 Armour: Leather armour    |    53 |   202 |       ||   255
         Ring mail         |       |    29 |    37 ||    66
         Skin              |       |     1 |       ||     1
  Dodge: Dodged            |    55 |   205 |    33 ||   293

Table legend: (Time is in decaauts)
 A = Elapsed time spent in this place.
 B = Non-inter-level travel time spent in this place.
 C = Inter-level travel time spent in this place.
 D = Time resting spent in this place.
 E = Time spent auto-exploring this place.
 F = Levels seen in this place.
 G = Mean time per level.
                   A        B        C        D        E       F      G
               +--------+--------+--------+--------+--------+-----+--------+
         Total |   4501 |   4408 |     93 |    902 |   2444 |   4 | 1125.2 |
       Dungeon |   4501 |   4408 |     93 |    902 |   2444 |   4 | 1125.2 |
               +--------+--------+--------+--------+--------+-----+--------+

Top non-repeatable levels by time:
     D:3: 1762 daAuts
     D:2: 1013 daAuts
     D:1: 1011 daAuts
     D:4: 714 daAuts
